[Event "Titled Tuesday Blitz November 15 Early 2022"]
[White "Boruchovsky, Avital"]
[Black "Parpiev, Isaak"]
[WhiteFideId "2800055"]
[BlackFideId "34281576"]
[WhiteElo "2458"]
[BlackElo "2094"]
[Result "1-0"]
[Round "04"]
[TimeControl "180+1"]
[Date "2022.11.16"]
[WhiteClock "0:00:21"]
[BlackClock "0:00:02"]

1. g3 Nf6 2. Bg2 d6 3. d4 g6 4. Nf3 Bg7 5. O-O O-O 6. Nc3 Nbd7 7. e4 e5 8. Re1 c6 9. a4 a5 10. b3 Nh5 11. Ba3 exd4 12. Nxd4 Qf6 13. Nde2 Nc5 14. Qd2 Bg4 15. f3 Bxf3 16. Rf1 Bxe2 17. Rxf6 Bxf6 18. Nxe2 Bxa1 19. c3 Rfe8 20. Qd1 Nxe4 21. Qxa1 d5 22. Bc1 Ng7 23. Nd4 Nd6 24. Bf4 Ndf5 25. Nxf5 Nxf5 26. Qd1 h5 27. Bh3 Ng7 28. Kf2 Re4 29. Bg2 Re6 30. Qd3 Rae8 31. Qd2 R6e7 32. c4 dxc4 33. bxc4 Re6 34. Bf3 Nf5 35. g4 hxg4 36. Bxg4 Rf6 37. Bxf5 Rxf5 38. Kg3 Re4 39. Be3 Rxc4 40. Qd3 Rb4 41. Qd8+ Kh7 42. Bd4 Rb3+ 43. Kg2 Rb2+ 44. Bxb2 1-0


[Site "https://www.chess.com"]

[Event "Titled Tuesday Blitz November 15 Early 2022"]
[White "Broca Jimenez, Fernando"]
[Black "Remizov, Yaroslav"]
[WhiteFideId "5104742"]
[BlackFideId "34134015"]
[WhiteElo "2062"]
[BlackElo "2414"]
[Result "1-0"]
[Round "04"]
[TimeControl "180+1"]
[Date "2022.11.16"]
[WhiteClock "0:00:15"]
[BlackClock "0:00:12"]

1. e4 e6 2. d4 d5 3. exd5 exd5 4. Bd3 Bd6 5. Nf3 Ne7 6. O-O c6 7. Bg5 f6 8. Bh4 Bf5 9. c3 Qd7 10. Re1 Na6 11. Bg3 Bxg3 12. hxg3 Nc7 13. Na3 O-O-O 14. Rxe7 Qxe7 15. Bxf5+ Kb8 16. Qd2 g6 17. Re1 Qd6 18. Bd3 Rde8 19. Nc2 Rxe1+ 20. Nfxe1 Re8 21. Be2 Qe6 22. Bf3 Nb5 23. Nd3 Nd6 24. Nc5 Qf5 25. Qf4 Kc7 26. Ne3 Qb1+ 27. Kh2 f5 28. Nxb7 Kxb7 29. Qxd6 Rc8 30. Nxd5 Qc1 31. Qe7+ Kb8 32. Nb4 Qh6+ 33. Qh4 Qxh4+ 34. gxh4 Re8 35. Nxc6+ Kc7 36. Ne5 a5 37. Kg3 a4 38. b3 a3 39. Nc4 Rb8 40. Nxa3 Re8 41. Nb5+ Kd7 42. a4 Re1 43. a5 Ra1 44. b4 h6 45. d5 g5 46. hxg5 hxg5 47. Nd4 Ra3 48. c4 g4 49. c5 gxf3 50. gxf3 Ra4 51. c6+ Kd6 52. Nb5+ Ke7 53. c7 f4+ 54. Kh3 Kd7 55. d6 Rxa5 56. bxa5 Kc8 57. Na7+ Kd7 58. c8=Q+ Kxd6 59. Qc6+ Ke5 60. Qc5+ Ke6 61. Nb5 Kd7 62. a6 Ke6 63. Qc6+ Ke5 64. Qc5+ Kf6 65. a7 Ke6 66. a8=Q Kf7 67. Qaa7+ Kg6 68. Qab6+ Kh7 69. Qcc7+ Kg8 70. Qbb8# 1-0


[Site "https://www.chess.com"]

[Event "Titled Tuesday Blitz November 15 Early 2022"]
[White "Buksa, Nataliya"]
[Black "Willow, Jonah B"]
[WhiteFideId "14123622"]
[BlackFideId "438804"]
[WhiteElo "2313"]
[BlackElo "2300"]
[Result "0-1"]
[Round "04"]
[TimeControl "180+1"]
[Date "2022.11.15"]
[WhiteClock "0:00:20"]
[BlackClock "0:00:52"]

1. d4 Nf6 2. Nc3 d5 3. Bf4 c5 4. e3 cxd4 5. exd4 Bg4 6. Be2 Bxe2 7. Ngxe2 Nc6 8. O-O e6 9. a3 Bd6 10. Bxd6 Qxd6 11. Ng3 O-O 12. Re1 a6 13. Nce2 b5 14. c3 a5 15. Qd2 Rfc8 16. Nf4 b4 17. axb4 axb4 18. Nd3 bxc3 19. bxc3 Na5 20. Ne5 Qd8 21. Qd3 Nd7 22. Nxd7 Qxd7 23. Ne2 Nc4 24. h4 Qc7 25. g3 Nd6 26. Kg2 h6 27. Reb1 Ne4 28. Rxa8 Rxa8 29. f3 Nd6 30. Kh3 g6 31. Rb2 Kg7 32. h5 Nc4 33. Rc2 g5 34. f4 Qe7 35. Qf3 Ra1 36. Qg4 Ne3 37. Qf3 Nxc2 38. Qd3 Rh1+ 39. Kg2 Ne1+ 0-1


[Site "https://www.chess.com"]

[Event "Titled Tuesday Blitz November 15 Early 2022"]
[White "Buscar, Michael"]
[Black "Sargsyan, Anna M."]
[WhiteFideId "2603616"]
[BlackFideId "13308130"]
[WhiteElo "2010"]
[BlackElo "2284"]
[Result "0-1"]
[Round "04"]
[TimeControl "180+1"]
[Date "2022.11.16"]
[WhiteClock "0:01:16"]
[BlackClock "0:01:05"]

1. d4 d5 2. c4 c6 3. Nf3 Nf6 4. Nc3 dxc4 5. a4 Bf5 6. e3 e6 7. Bxc4 Bb4 8. O-O Nbd7 9. Bd3 O-O 10. Bxf5 exf5 11. Qb3 Qe7 12. Rd1 Ne4 13. Ne2 Ndf6 14. Ng3 g6 15. Ne5 Bd6 16. Nc4 Bxg3 17. hxg3 Ng4 18. f3 Nxg3 19. fxg4 Qh4 20. gxf5 Qh1+ 21. Kf2 Ne4+ 22. Ke2 Qxg2+ 23. Kd3 Rad8 24. Qc2 Qf3 25. Qe2 Rxd4+ 26. Kxd4 Rd8+ 27. Ke5 Qxf5# 0-1


[Site "https://www.chess.com"]

[Event "Titled Tuesday Blitz November 15 Early 2022"]
[White "Callejas Rojas, Francisco Miguel"]
[Black "Antonova, Nadezhda"]
[WhiteFideId "32072503"]
[BlackFideId "14700182"]
[WhiteElo "2274"]
[BlackElo "1813"]
[Result "1-0"]
[Round "04"]
[TimeControl "180+1"]
[Date "2022.11.16"]
[WhiteClock "0:00:09"]
[BlackClock "0:00:02"]

1. e4 c5 2. Nf3 d6 3. Bb5+ Nd7 4. O-O Nf6 5. Re1 a6 6. Bf1 g6 7. c3 Bg7 8. d4 cxd4 9. cxd4 O-O 10. Nc3 b5 11. b4 Bb7 12. a4 bxa4 13. Qxa4 Rc8 14. Qb3 Qb6 15. Bd3 Rc7 16. Bb2 Rfc8 17. Na4 Qa7 18. Ng5 e6 19. h4 h6 20. Nf3 Ng4 21. h5 gxh5 22. Nc3 e5 23. Ne2 Qb6 24. Rf1 exd4 25. Nexd4 Nc5 26. bxc5 Qxb3 27. Nxb3 Bxb2 28. Rab1 dxc5 29. Rxb2 c4 30. Na5 cxd3 31. Rxb7 Rc5 32. Nb3 Rc2 33. Nbd2 h4 34. Ra7 Ra2 35. Rd7 Rc3 36. Nb1 1-0


[Site "https://www.chess.com"]

[Event "Titled Tuesday Blitz November 15 Early 2022"]
[White "Chernomordik, Pavel"]
[Black "Averjanov, Alexey"]
[WhiteFideId "2804530"]
[BlackFideId "14109867"]
[WhiteElo "2192"]
[BlackElo "2623"]
[Result "0-1"]
[Round "04"]
[TimeControl "180+1"]
[Date "2022.11.16"]
[WhiteClock "0:00:50"]
[BlackClock "0:01:24"]

1. e4 c6 2. Nc3 d5 3. Qf3 dxe4 4. Nxe4 Nd7 5. d4 Ngf6 6. Nc3 g6 7. Bd2 Bg7 8. O-O-O O-O 9. Nge2 Nb6 10. Kb1 Nc4 11. Bc1 Qb6 12. Ka1 Bf5 13. b3 Nd6 14. Na4 Qc7 15. c3 b5 16. Nc5 Nd5 17. Ng3 e5 18. Nxf5 Nxf5 19. Bb2 exd4 20. cxd4 a5 21. g4 Nd6 22. a3 a4 23. b4 Nc4 24. Bxc4 bxc4 25. Rc1 c3 26. Bxc3 Nxc3 27. Qxc3 Qf4 28. Rhd1 Qxg4 29. Ka2 Rfd8 30. Qg3 Qe2+ 31. Kb1 Rxd4 32. Re1 Rxb4+ 0-1


[Site "https://www.chess.com"]

[Event "Titled Tuesday Blitz November 15 Early 2022"]
[White "Chylewski, Patryk"]
[Black "Shohat, Yotam"]
[WhiteFideId "1186191"]
[BlackFideId "2813955"]
[WhiteElo "2192"]
[BlackElo "2216"]
[Result "0-1"]
[Round "04"]
[TimeControl "180+1"]
[Date "2022.11.16"]
[WhiteClock "0:00:02"]
[BlackClock "0:00:06"]

1. e4 c5 2. Nf3 d6 3. c3 Nf6 4. h3 g6 5. Bd3 Bg7 6. O-O O-O 7. Bc2 e5 8. d4 exd4 9. cxd4 cxd4 10. Nxd4 Nc6 11. Nc3 Nxd4 12. Qxd4 Be6 13. Qb4 Qd7 14. Rd1 Bxh3 15. gxh3 Qxh3 16. Qxd6 Ng4 17. Qg3 Qh5 18. Bf4 g5 19. f3 gxf4 20. Qxg4 Qc5+ 21. Kh2 Kh8 22. Rd5 Qf2+ 23. Qg2 Qh4+ 24. Kg1 Rg8 25. Qh2 Bxc3+ 26. Kh1 Qxh2+ 27. Kxh2 Bxb2 28. Rb1 Bc3 29. Rxb7 Rg6 30. Rh5 Rag8 31. Rxf7 Rg2+ 32. Kh1 Rg1+ 33. Kh2 R8g2+ 34. Kh3 Rg3+ 35. Kh2 R1g2+ 36. Kh1 Rxc2 37. Rfxh7+ Kg8 38. Rh8+ Bxh8 39. Rg5+ Rxg5 0-1


[Site "https://www.chess.com"]

[Event "Titled Tuesday Blitz November 15 Early 2022"]
[White "Concio, Michael Jr."]
[Black "Player, Edmund C"]
[WhiteFideId "5217873"]
[BlackFideId "406520"]
[WhiteElo "2236"]
[BlackElo "2103"]
[Result "1-0"]
[Round "04"]
[TimeControl "180+1"]
[Date "2022.11.16"]
[WhiteClock "0:00:14"]
[BlackClock "0:00:01"]

1. e4 e5 2. Nf3 Nc6 3. Bb5 a6 4. Ba4 Nf6 5. O-O Nxe4 6. Re1 Nc5 7. Nxe5 Be7 8. Bxc6 dxc6 9. d4 Ne6 10. Be3 O-O 11. Nc3 f6 12. Nf3 Re8 13. d5 cxd5 14. Nxd5 Bd6 15. Qd3 Bd7 16. Rad1 Nf8 17. Qb3 Kh8 18. c4 b6 19. Qc3 a5 20. a3 Ng6 21. Nxb6 cxb6 22. Rxd6 Qc7 23. Red1 Bc6 24. Ne1 Ne5 25. h3 Rad8 26. c5 bxc5 27. Qxc5 Rxd6 28. Rxd6 Rb8 29. f4 Rb5 30. Qd4 Nf7 31. Re6 h6 32. Qc4 Qd7 33. Qxc6 Qd1 34. Qxb5 Qxe1+ 35. Qf1 Qc3 36. bxc3 1-0


[Site "https://www.chess.com"]

[Event "Titled Tuesday Blitz November 15 Early 2022"]
[White "Corrales Jimenez, Fidel"]
[Black "Abrahamyan, Tatev"]
[WhiteFideId "3506690"]
[BlackFideId "13301918"]
[WhiteElo "2541"]
[BlackElo "2347"]
[Result "1-0"]
[Round "04"]
[TimeControl "180+1"]
[Date "2022.11.16"]
[WhiteClock "0:00:11"]
[BlackClock "0:00:15"]

1. d4 Nf6 2. c4 e6 3. Nc3 Bb4 4. a3 Bxc3+ 5. bxc3 O-O 6. f3 c5 7. e4 b6 8. Bd3 Nc6 9. Be3 Ba6 10. e5 Ne8 11. f4 Na5 12. Qe2 cxd4 13. cxd4 Rc8 14. Rc1 d5 15. cxd5 Rxc1+ 16. Bxc1 Bxd3 17. Qxd3 Qxd5 18. Nf3 Nc7 19. O-O Qc4 20. Qe4 Qd5 21. Qe1 Nb5 22. Be3 Rc8 23. Qh4 Rc2 24. Bf2 h6 25. Qe7 Rc7 26. Qe8+ Kh7 27. Bh4 Nc3 28. Bf6 gxf6 29. exf6 Qf5 30. Qd8 Rb7 31. Ne5 Ne2+ 32. Kh1 Nxf4 33. Nd7 Rxd7 34. Qxd7 Qe4 35. Qxf7+ Kh8 36. Qg7# 1-0


[Site "https://www.chess.com"]

[Event "Titled Tuesday Blitz November 15 Early 2022"]
[White "Cramling Bellon, Anna"]
[Black "Avazkhonov, Alikhon"]
[WhiteFideId "32009232"]
[BlackFideId "14208504"]
[WhiteElo "1972"]
[BlackElo "1739"]
[Result "0-1"]
[Round "04"]
[TimeControl "180+1"]
[Date "2022.11.16"]
[WhiteClock "0:00:01"]
[BlackClock "0:00:40"]

1. d4 Nf6 2. c4 e6 3. Nc3 Bb4 4. Qc2 b6 5. e4 c5 6. d5 Qe7 7. Be3 exd5 8. exd5 Ng4 9. Qe2 Nxe3 10. Qxe3 Qxe3+ 11. fxe3 Bxc3+ 12. bxc3 d6 13. Bd3 O-O 14. Nf3 Bg4 15. Kf2 Nd7 16. h3 Bxf3 17. gxf3 f5 18. Rhg1 Ne5 19. Be2 f4 20. e4 Rf7 21. h4 Rf6 22. h5 Raf8 23. a4 Rh6 24. Rg5 g6 25. Rag1 Kf7 26. hxg6+ hxg6 27. R1g2 Rfh8 28. a5 bxa5 29. Ke1 Rh1+ 30. Rg1 a4 31. Kd2 a3 32. R5g2 a2 33. Rxh1 Rxh1 0-1


[Site "https://www.chess.com"]

[Event "Titled Tuesday Blitz November 15 Early 2022"]
[White "Csonka, Balazs"]
[Black "Sreyas Payyappat"]
[WhiteFideId "742910"]
[BlackFideId "46674969"]
[WhiteElo "2404"]
[BlackElo "2083"]
[Result "1-0"]
[Round "04"]
[TimeControl "180+1"]
[Date "2022.11.16"]
[WhiteClock "0:01:33"]
[BlackClock "0:01:52"]

1. d4 Nf6 2. c4 c5 3. d5 e6 4. Nc3 exd5 5. cxd5 d6 6. e4 g6 7. f4 Bg7 8. Bb5+ Nfd7 9. Bd3 O-O 10. Nf3 f5 11. exf5 gxf5 12. O-O Nf6 13. Ng5 h6 14. Ne6 Bxe6 15. dxe6 Ng4 16. Bxf5 Bd4+ 17. Kh1 Nxh2 18. Kxh2 Rxf5 19. Qg4+ Kh8 20. Qxf5 Nc6 21. Qh3 Qf6 22. Ne4 Qg6 23. f5 Qh7 24. Bxh6 Rg8 25. Ng5 Be5+ 26. Kh1 1-0


[Site "https://www.chess.com"]

[Event "Titled Tuesday Blitz November 15 Early 2022"]
[White "De Arruda, Leandro Formes"]
[Black "Bruned, Yvain"]
[WhiteFideId "22722009"]
[BlackFideId "2250292"]
[WhiteElo "1880"]
[BlackElo "2183"]
[Result "0-1"]
[Round "04"]
[TimeControl "180+1"]
[Date "2022.11.16"]
[WhiteClock "0:00:02"]
[BlackClock "0:00:15"]

1. d4 b6 2. Nf3 Bb7 3. e3 e6 4. Bd3 Nf6 5. Nbd2 d5 6. O-O Be7 7. b3 O-O 8. Bb2 c5 9. Ne5 Nbd7 10. f4 Ne4 11. Bxe4 dxe4 12. Qg4 f5 13. Qh3 Nxe5 14. fxe5 cxd4 15. exd4 g5 16. Rad1 g4 17. Qh6 Bc8 18. Qe3 Bg5 19. Qe2 Bb7 20. Nc4 Ba6 21. Ba3 Rf7 22. Qe1 Bxc4 23. bxc4 Rc8 24. c5 bxc5 25. Bxc5 Qd5 26. Qe2 Qxa2 27. Ra1 Qd5 28. c4 Qc6 29. Rfb1 Rd7 30. Qa2 e3 31. Qa6 h5 32. Qxc6 Rxc6 33. Rb8+ Kh7 34. Re8 Kg7 35. Rb1 Kf7 36. Rbb8 Bh6 37. Kf1 a5 38. Ra8 Rb7 39. Rh8 Bg7 40. Rhf8+ Bxf8 41. Rxf8+ Kg7 0-1


[Site "https://www.chess.com"]

[Event "Titled Tuesday Blitz November 15 Early 2022"]
[White "Deac, Bogdan-Daniel"]
[Black "Durarbayli, Vasif"]
[WhiteFideId "1226380"]
[BlackFideId "13402935"]
[WhiteElo "2648"]
[BlackElo "2586"]
[Result "1/2-1/2"]
[Round "04"]
[TimeControl "180+1"]
[Date "2022.11.15"]
[WhiteClock "0:00:08"]
[BlackClock "0:00:24"]

1. d4 d5 2. Nf3 Nf6 3. c4 c6 4. Nc3 e6 5. e3 Nbd7 6. Be2 Bd6 7. O-O O-O 8. Qc2 dxc4 9. a4 e5 10. Bxc4 exd4 11. exd4 Nb6 12. Bb3 Nbd5 13. Bg5 h6 14. Bh4 Be7 15. Rfe1 Be6 16. Nxd5 Bxd5 17. Bxd5 Nxd5 18. Bxe7 Nxe7 19. Qb3 Qc7 20. Re5 Rad8 21. Rae1 Nd5 22. h4 Qd7 23. g3 Qh3 24. a5 b6 25. axb6 axb6 26. Qd3 g6 27. R5e4 Nf6 28. Re7 c5 29. Rxf7 Rxf7 30. Qxg6+ Rg7 31. Qxf6 Rf8 32. Qc6 Rxg3+ 33. fxg3 Qxg3+ 34. Kh1 Qxf3+ 35. Qxf3 Rxf3 36. dxc5 bxc5 37. Re6 Rb3 38. Rxh6 Rxb2 39. Rc6 Rc2 40. h5 Kg7 41. Kg1 Kh7 42. h6 Rc4 43. Kf1 Rg4 44. Rxc5 Rg6 45. Rc2 Kxh6 46. Rh2+ Kg7 47. Rg2 Rxg2 48. Kxg2 1/2-1/2


[Site "https://www.chess.com"]

[Event "Titled Tuesday Blitz November 15 Early 2022"]
[White "Dehtiarov, Roman"]
[Black "Kaminski, Victor"]
[WhiteFideId "14186640"]
[BlackFideId "1131630"]
[WhiteElo "2200"]
[BlackElo "2181"]
[Result "1-0"]
[Round "04"]
[TimeControl "180+1"]
[Date "2022.11.16"]
[WhiteClock "0:01:44"]
[BlackClock "0:00:10"]

1. e4 e5 2. Nc3 Nf6 3. Nf3 Nc6 4. Bb5 Bb4 5. O-O O-O 6. Bxc6 dxc6 7. d3 Bxc3 8. bxc3 Bg4 9. h3 Bxf3 10. Qxf3 Nd7 11. a4 a5 12. Qg3 f6 13. f4 Qe7 14. Be3 b6 15. c4 Nc5 16. Qf2 Nd7 17. f5 Kh8 18. g4 c5 19. h4 Nb8 20. Kg2 Nc6 21. Rh1 Kg8 22. g5 Kf7 23. Rag1 Ke8 24. Kf1 Rd8 25. h5 Kd7 26. h6 gxh6 27. gxf6 Qxf6 28. Rxh6 Qf7 29. Qh4 Kc8 30. Rxc6 Rg8 31. Rh6 Rxg1+ 32. Bxg1 Rg8 33. Rxh7 Qe8 34. Qe7 Qc6 35. Qe6+ 1-0


[Site "https://www.chess.com"]

[Event "Titled Tuesday Blitz November 15 Early 2022"]
[White "Desideri, Ricardo Maruchi"]
[Black "Kuznetsov, Mikhail"]
[WhiteFideId "2110440"]
[BlackFideId "4117190"]
[WhiteElo "1945"]
[BlackElo "1981"]
[Result "0-1"]
[Round "04"]
[TimeControl "180+1"]
[Date "2022.11.16"]
[WhiteClock "0:00:03"]
[BlackClock "0:00:03"]

1. e4 c6 2. d4 d5 3. e5 Bf5 4. h4 h6 5. g4 Be4 6. f3 Bh7 7. e6 Qd6 8. exf7+ Kxf7 9. Ne2 Nd7 10. Bf4 e5 11. Bg3 Qb4+ 12. Nbc3 exd4 13. Nxd4 Qxb2 14. Nce2 Nc5 15. Rb1 Qa3 16. Bg2 Nf6 17. O-O Be7 18. Nb3 Rhe8 19. Kh2 Qa6 20. Nxc5 Bxc5 21. Nf4 Bd6 22. Re1 Rxe1 23. Qxe1 Re8 24. Qc3 Re7 25. g5 hxg5 26. hxg5 Bxf4 27. Bxf4 Nh5 28. Bd6 Re6 29. Bc5 Nf4 30. Be3 Nxg2 31. Kxg2 b6 32. Bf2 Bf5 33. Rh1 Qc4 34. Qxc4 dxc4 35. Rh4 b5 36. c3 a6 37. Bd4 g6 38. Rh7+ Ke8 39. Ra7 Re2+ 40. Kg3 Rxa2 41. Ra8+ Kd7 42. Ra7+ Kd6 43. Rg7 c5 0-1


[Site "https://www.chess.com"]

[Event "Titled Tuesday Blitz November 15 Early 2022"]
[White "Di Nicolantonio, Lucas"]
[Black "Fedoseev, Vladimir"]
[WhiteFideId "680460"]
[BlackFideId "24130737"]
[WhiteElo "2358"]
[BlackElo "2726"]
[Result "0-1"]
[Round "04"]
[TimeControl "180+1"]
[Date "2022.11.16"]
[WhiteClock "0:00:09"]
[BlackClock "0:01:00"]

1. e4 c6 2. c4 c5 3. Nf3 Nf6 4. Nc3 Qa5 5. e5 Ng8 6. d4 cxd4 7. Nxd4 Qxe5+ 8. Be2 Nc6 9. Be3 Nf6 10. O-O e6 11. g3 a6 12. Na4 Qc7 13. Nxc6 bxc6 14. Nb6 Rb8 15. c5 Nd5 16. Nxc8 Nxe3 17. Nd6+ Qxd6 18. cxd6 Nxd1 19. Rfxd1 a5 20. Rab1 g6 21. a3 Bg7 22. b4 axb4 23. axb4 O-O 24. b5 Rfc8 25. bxc6 Rxb1 26. Rxb1 Rxc6 27. Rb8+ Bf8 28. Rd8 Rxd6 29. Bb5 Rd1+ 30. Kg2 d5 31. Be8 Be7 32. Ba4+ Bxd8 33. Bxd1 Kg7 34. f4 Kf6 35. Kf3 Ke7 36. Bc2 Kd6 37. h4 h5 38. Ba4 Ba5 39. Be8 Ke7 40. Bb5 Kf6 41. Be8 Be1 42. Kg2 Ke7 43. Bb5 f6 44. Kf3 e5 45. fxe5 fxe5 46. Bc6 Ke6 47. Be8 e4+ 48. Ke2 Bxg3 49. Bxg6 Bxh4 50. Bxh5 d4 51. Bg6 Ke5 52. Be8 d3+ 53. Kd1 e3 54. Bh5 Kf4 0-1


[Site "https://www.chess.com"]

[Event "Titled Tuesday Blitz November 15 Early 2022"]
[White "Dilmukhametov, Artur"]
[Black "Fiedorek, Michal"]
[WhiteFideId "24179922"]
[BlackFideId "1199528"]
[WhiteElo "2197"]
[BlackElo "2201"]
[Result "0-1"]
[Round "04"]
[TimeControl "180+1"]
[Date "2022.11.16"]
[WhiteClock "0:01:20"]
[BlackClock "0:00:36"]

1. e4 c5 2. Nf3 a6 3. c3 e6 4. d4 d5 5. e5 Bd7 6. Be2 cxd4 7. cxd4 Bb5 8. O-O Bxe2 9. Qxe2 Ne7 10. Nc3 Nf5 11. Be3 Nc6 12. Rac1 Be7 13. g4 Nh4 14. Nxh4 Bxh4 15. Qf3 O-O 16. Kh1 f6 17. Bf4 fxe5 18. dxe5 Bg5 19. Ne2 Bxf4 20. Nxf4 Nd4 21. Qg3 Qg5 22. Nh5 Ne2 23. Qh3 Nxc1 24. f4 Qg6 25. Rxc1 Rac8 26. Rf1 Qe4+ 27. Kg1 Rc2 28. Qf3 Qxf3 29. Rxf3 Rxb2 30. f5 exf5 31. gxf5 Re2 32. e6 Rxe6 0-1


[Site "https://www.chess.com"]

[Event "Titled Tuesday Blitz November 15 Early 2022"]
[White "Donskov, Anatoly"]
[Black "Slugin, Sergey"]
[WhiteFideId "24143413"]
[BlackFideId "4122569"]
[WhiteElo "2219"]
[BlackElo "2330"]
[Result "1/2-1/2"]
[Round "04"]
[TimeControl "180+1"]
[Date "2022.11.16"]
[WhiteClock "0:00:08"]
[BlackClock "0:00:08"]

1. e4 e5 2. Nf3 Nc6 3. Bb5 a6 4. Ba4 d6 5. c3 g5 6. h3 Bd7 7. d4 h6 8. Be3 Bg7 9. Nbd2 Nf6 10. a3 Qe7 11. Bc2 O-O-O 12. Qe2 d5 13. dxe5 Nxe4 14. Nxe4 dxe4 15. Bxe4 f5 16. exf6 Bxf6 17. Bd3 h5 18. O-O-O Na5 19. Kb1 Ba4 20. Bc2 Bb5 21. Bd3 Rxd3 22. Rxd3 Qe4 23. Rd1 Rd8 24. Ne1 Nb3 25. Qf3 Bxd3+ 26. Rxd3 Qxf3 27. Rxd8+ Kxd8 28. Nxf3 g4 29. hxg4 hxg4 30. Nh2 g3 31. fxg3 c5 32. c4 b5 33. cxb5 axb5 34. g4 Ke7 35. g5 Bg7 36. Ng4 Ke6 37. Kc2 c4 38. Nf2 Kd5 39. Nd1 Ke4 40. Bc1 Nd4+ 41. Kb1 Kd3 42. Nc3 Be5 43. Nxb5 Nxb5 44. a4 Nc7 45. a5 Na6 46. g6 Bg7 47. Bg5 Ke4 48. Kc2 Kf5 49. Bd2 Nc5 50. Bc3 Kxg6 51. Bxg7 Kxg7 52. Kc3 Kf6 53. Kxc4 Nd7 54. b4 Ke6 55. g4 Kd6 56. g5 Kc6 57. g6 Ne5+ 58. Kd4 Nxg6 59. Kc4 Ne5+ 60. Kc3 Kb5 61. Kd4 Nc6+ 62. Kd5 Nxb4+ 63. Kd6 Na6 64. Kd7 Kxa5 1/2-1/2


[Site "https://www.chess.com"]

[Event "Titled Tuesday Blitz November 15 Early 2022"]
[White "Dubov, Daniil"]
[Black "Volkov, Maksim"]
[WhiteFideId "24126055"]
[BlackFideId "54123070"]
[WhiteElo "2791"]
[BlackElo "2257"]
[Result "1-0"]
[Round "04"]
[TimeControl "180+1"]
[Date "2022.11.16"]
[WhiteClock "0:00:05"]
[BlackClock "0:00:17"]

1. e4 c5 2. Nf3 d6 3. d4 cxd4 4. Nxd4 Nf6 5. Nc3 a6 6. Bg5 e6 7. f4 Be7 8. Qf3 Qc7 9. O-O-O Nbd7 10. Qh3 h6 11. Be2 Nc5 12. f5 Bd7 13. Bxf6 Bxf6 14. fxe6 Nxe6 15. Nd5 Bg5+ 16. Kb1 Qa5 17. Bg4 Nc5 18. b4 Bxg4 19. Qxg4 Qa4 20. bxc5 dxc5 21. Nc7+ Kd8 22. Ndb5+ Ke7 23. Nd5+ Kf8 24. Nbc3 Qc6 25. h4 Bd8 26. Rhf1 b5 27. e5 b4 28. Ne4 Kg8 29. Nef6+ Kf8 30. Nd7+ Ke8 31. Qxg7 Kxd7 32. Qxh8 1-0


[Site "https://www.chess.com"]

[Event "Titled Tuesday Blitz November 15 Early 2022"]
[White "Dudzinski, Pawel"]
[Black "Melikyan, Gnel"]
[WhiteFideId "1117890"]
[BlackFideId "54109990"]
[WhiteElo "2086"]
[BlackElo "2138"]
[Result "0-1"]
[Round "04"]
[TimeControl "180+1"]
[Date "2022.11.16"]
[WhiteClock "0:00:02"]
[BlackClock "0:00:11"]

1. e4 g6 2. Nc3 Bg7 3. g3 Nf6 4. Bg2 O-O 5. Nge2 c5 6. d4 cxd4 7. Nxd4 Nc6 8. Be3 d6 9. h3 Bd7 10. O-O Rc8 11. Nce2 Re8 12. b3 a6 13. c4 Qc7 14. Rc1 Qb8 15. g4 h5 16. g5 Nh7 17. h4 b5 18. Nxc6 Bxc6 19. Bd4 bxc4 20. Bxg7 Kxg7 21. Rxc4 Bb5 22. Rxc8 Rxc8 23. Re1 Nf8 24. Nd4 Qb6 25. Nxb5 axb5 26. Bh3 Rc3 27. Kg2 Qc5 28. Re2 Qe5 29. Qd5 e6 30. Qxe5+ dxe5 31. Rd2 Rc7 32. Kg3 Nd7 33. Bf1 b4 34. Bc4 Nb6 35. Rc2 Kf8 36. Bd3 Rd7 37. Be2 Rd4 38. Kf3 Ke7 39. Ke3 Kd6 40. f3 Nd7 41. Rd2 Kc5 42. Rc2+ Kb6 43. Rc4 Rxc4 44. Bxc4 Kc5 45. Kd3 Nb6 46. Ba6 Nd7 47. Ke3 Nb8 48. Bc8 Nc6 49. Bd7 Nd8 50. Be8 Kd6 51. Kd3 Kc5 52. Bd7 Kd6 53. Be8 Ke7 54. Bb5 f6 55. gxf6+ Kxf6 56. Be8 g5 57. Bxh5 gxh4 58. Bg4 Kg5 59. Kc4 Kf4 60. Kxb4 Nc6+ 61. Kc5 Nd4 62. Kc4 Nxf3 63. Bxe6 Ng5 64. Bf5 Nxe4 0-1


[Site "https://www.chess.com"]

[Event "Titled Tuesday Blitz November 15 Early 2022"]
[White "Fernandez De La Vara, Arnaldo"]
[Black "Sarkar, Justin"]
[WhiteFideId "3518388"]
[BlackFideId "2010011"]
[WhiteElo "2387"]
[BlackElo "2239"]
[Result "1-0"]
[Round "04"]
[TimeControl "180+1"]
[Date "2022.11.16"]
[WhiteClock "0:02:03"]
[BlackClock "0:00:01"]

1. Nf3 d5 2. g3 g6 3. c4 dxc4 4. Qa4+ c6 5. Qxc4 Bg7 6. Bg2 Nf6 7. O-O O-O 8. Nc3 Be6 9. Qh4 h6 10. d3 g5 11. Qa4 Na6 12. Bd2 Nd5 13. Rac1 Qd7 14. Rfd1 Nc5 15. Qc2 b6 16. e4 Nb4 17. Qb1 Nbxd3 18. Be3 Qc7 19. Rxd3 Nxd3 20. Qxd3 Rfd8 21. Qc2 Rd7 22. Nb5 Qb7 23. Nbd4 1-0


[Site "https://www.chess.com"]

[Event "Titled Tuesday Blitz November 15 Early 2022"]
[White "Fernandez Garcia, Gumersindo"]
[Black "Piesik, Piotr"]
[WhiteFideId "24516740"]
[BlackFideId "1136194"]
[WhiteElo "2140"]
[BlackElo "2316"]
[Result "0-1"]
[Round "04"]
[TimeControl "180+1"]
[Date "2022.11.16"]
[WhiteClock "0:00:45"]
[BlackClock "0:01:14"]

1. b3 d5 2. Bb2 c5 3. e3 a6 4. Nf3 Nc6 5. h3 Bf5 6. c4 d4 7. d3 e5 8. e4 Be6 9. Nbd2 Bd6 10. g3 g5 11. Bg2 h5 12. a3 f6 13. Qe2 Nge7 14. h4 Ng6 15. Bc1 Bg4 16. Nf1 gxh4 17. gxh4 b5 18. N1h2 Qd7 19. Qc2 Nd8 20. Bd2 Ne6 21. Nxg4 hxg4 22. h5 Ngf4 23. Nh4 Rxh5 24. Kf1 Kf7 25. Nf5 Rxh1+ 26. Bxh1 Rh8 27. Bg2 Kg6 28. Qd1 Kg5 29. cxb5 axb5 30. a4 Qh7 31. Ng3 Qh2 32. Bh1 Qxh1+ 0-1


[Site "https://www.chess.com"]

[Event "Titled Tuesday Blitz November 15 Early 2022"]
[White "Fernandez Guillen, Ernesto J."]
[Black "Jones, Gawain C B"]
[WhiteFideId "3512428"]
[BlackFideId "409561"]
[WhiteElo "2450"]
[BlackElo "2657"]
[Result "0-1"]
[Round "04"]
[TimeControl "180+1"]
[Date "2022.11.15"]
[WhiteClock "0:00:02"]
[BlackClock "0:00:05"]

1. e4 e5 2. Nf3 Nc6 3. d4 exd4 4. Bc4 Nf6 5. O-O Nxe4 6. Re1 d5 7. Bxd5 Qxd5 8. Nc3 Qd7 9. Nxe4 Be7 10. Bg5 O-O 11. Bxe7 Qxe7 12. Nxd4 Nxd4 13. Qxd4 Rd8 14. Qc3 h6 15. Ng3 Be6 16. Re3 Rd5 17. Rae1 Rad8 18. h3 a5 19. Re5 Rxe5 20. Rxe5 Rd1+ 21. Kh2 b6 22. Nh5 Qd6 23. Qg3 g6 24. Nf6+ Kf8 25. Ne4 Qe7 26. Qf4 Kg7 27. Ng3 Qd6 28. Qe3 Qd4 29. Rxe6 fxe6 30. Qxe6 Qxf2 31. Qe5+ Qf6 32. Qxc7+ Kh8 33. Ne4 Qg7 34. Qb8+ Kh7 35. Qf4 Rd8 36. h4 Rf8 37. Qd6 b5 38. Ng3 Qf6 39. Qc7+ Rf7 40. Qb8 Qxh4+ 41. Kg1 Qd4+ 42. Kh2 Qxb2 43. Qe8 Qf6 44. Qb8 b4 45. Kg1 Qf4 46. Kh2 Qxb8 0-1


[Site "https://www.chess.com"]